 Dungeon Crawl Stone Soup version 0.21.1-1-g345015fe64 (webtiles) character file.

2807 szakal1211 the Fighter (level 9, -4/88 (89) HPs)
             Began as a Minotaur Fighter on May 30, 2018.
             Slain by an unseen horror (6 damage)
             ... on level 7 of the Dungeon.
             The game lasted 00:27:55 (6779 turns).

szakal1211 the Fighter (Minotaur Fighter)           Turns: 6779, Time: 00:27:56

HP:   -4/88 (89)    AC:  7    Str: 24    XL:     9   Next: 44%
MP:   8/8           EV:  7    Int: 10    God:
Gold: 406           SH: 10    Dex: 10    Spells: 8/8 levels left

rFire    . . .     SeeInvis .   h - +3 short sword
rCold    . . .     Gourm    .   c - +0 shield
rNeg     . . .     Faith    .   b - +0 scale mail
rPois    .         Spirit   .   (helmet restricted)
rElec    .         Reflect  .   (no cloak)
rCorr    .         Harm     .   (no gloves)
MR       .....                  (no boots)
Stlth    ..........             (no amulet)
HPRegen  0.24/turn              v - +5 ring of intelligence
MPRegen  0.11/turn              D - ring of wizardry

@: no status effects
A: retaliatory headbutt, horns 2
a: no special abilities


You were on level 7 of the Dungeon.
You were hungry.

You visited 1 branch of the dungeon, and saw 7 of its levels.

You collected 406 gold pieces.

Inventory:

Hand Weapons
 a - a +0 long sword
 h - a +3 short sword (weapon)
 o - a +0 whip
 F - a +0 long sword
Armour
 b - a +0 scale mail (worn)
 c - a +0 shield (worn)
 e - a +0 robe
 n - a +0 leather armour
 q - a +0 ring mail
 t - a +0 ring mail
Jewellery
 v - a +5 ring of intelligence (left hand)
 x - a +2 ring of intelligence
 D - a ring of wizardry (right hand)
 G - a +4 ring of protection {unknown}
Wands
 y - a wand of paralysis (14)
 H - a wand of scattershot (5)
 I - a wand of acid (12)
Scrolls
 g - 4 scrolls of enchant armour {unknown}
 i - 4 scrolls of identify {unknown}
 j - 3 scrolls of magic mapping {unknown}
 k - 3 scrolls of teleportation {unknown}
 l - 4 scrolls of remove curse {unknown}
 p - 2 scrolls of amnesia {unknown}
 r - a scroll of enchant weapon {unknown}
 s - a scroll of random uselessness {unknown}
 u - 4 scrolls of blinking {unknown}
 B - a scroll of fog {unknown}
Potions
 d - 5 potions of might
 m - 3 potions of heal wounds {unknown}
 w - a potion of mutation {unknown}
 z - a potion of haste
 A - 2 potions of ambrosia
 C - a potion of cancellation
 E - a potion of degeneration {unknown}
Comestibles
 f - 3 rations


   Skills:
 * Level 11.3 Fighting
 * Level 9.7(9.9) Short Blades
 - Level 2.6(7.2) Long Blades
 - Level 4.1 Armour
 - Level 0.1 Dodging
 - Level 4.1 Shields


You had 8 spell levels left.
You didn't know any spells.

Dungeon Overview and Level Annotations

Branches:
Dungeon (7/15)             Temple (0/1) D:4

Altars:
Okawaru
Zin


Innate Abilities, Weirdness & Mutations

You reflexively headbutt those who attack you in melee.
You have a pair of horns on your head.


Message History

* * * LOW HITPOINT WARNING * * *
Something hits you but does no damage. Something hits you but does no damage.
You feel sick. Something hits you!
* * * LOW HITPOINT WARNING * * *
Things that are here:
a short sword; a worker ant corpse Something hits you but does no damage.
You feel less invigorated.
You feel less confused. Something hits you but does no damage.
Something hits you!
* * * LOW HITPOINT WARNING * * *
You feel sick.
You are no longer poisoned.
Something hits you but does no damage. Something hits you!
* * * LOW HITPOINT WARNING * * *
Something hits you.
You die...

######'#####.## ##.##
#.####..# #..###
.#######.##...## . ##...#
............#### .## ###.. #
######....###..# #.# ## ###
#.# ###...###.##.# ##.##.#
.# #...#...###....#.# .....#
# ..
#....###......#.###[#H..##.#
# #..##††.†.##...@#..##8##.$
#....###......#.{##.).#.# #
#.... ###[...#..}#...†.# ..
###.. ###.##..#.##.##.# .#
### ###..###:#.# # ### ####
###. ###.. .. ##..). .#.
#..##) ...##...).


There were no monsters in sight!

Vanquished Creatures
  Pikel (D:7)
  A deep elf mage (D:7)
  Grinder (D:3)
  A water moccasin (D:7)
  An ice beast (D:7)
  2 slaves
  A sky beast (D:4)
  An ogre (D:7)
  An eye of draining (D:7)
  A necrophage (D:7)
  2 bullfrogs
  A howler monkey (D:5)
  2 crimson imps
  A hound (D:3)
  A jelly (D:7)
  2 centaur skeletons
  2 iguanas
  3 orc priests
  A gnoll shaman (D:4)
  8 orc wizards
  9 worker ants
  Robin (D:3)
  6 gnolls
  5 adders
  2 oozes
  2 adder skeletons (D:4)
  An adder zombie (D:5)
  4 worms
  3 dart slugs
  4 leopard geckos
  17 orcs
  2 giant cockroaches
  17 goblins
  9 hobgoblins
  5 jackals
  4 quokkas
  4 bats
  5 frilled lizards
  2 kobolds
  A leopard gecko skeleton (D:5)
  A quokka skeleton (D:5)
  5 rats
143 creatures vanquished.

Vanquished Creatures (others)
  A hungry ghost (D:7)
  A slave (D:7)
  A water moccasin skeleton (D:7)
  A quokka zombie (D:7)
4 creatures vanquished.

Grand Total: 147 creatures vanquished

Notes
Turn   | Place    | Note
-------+----------+-------------------------------------------
     0 | D:1      | szakal1211 the Minotaur Fighter began the quest for the Orb.
     0 | D:1      | Reached XP level 1. HP: 19/19 MP: 0/0
   190 | D:1      | Reached XP level 2. HP: 26/27 MP: 1/1
   208 | D:1      | Reached skill level 4 in Fighting
   357 | D:1      | Reached XP level 3. HP: 28/33 MP: 2/2
  1336 | D:2      | Reached skill level 1 in Short Blades
  1492 | D:3      | Reached XP level 4. HP: 30/41 MP: 3/3
  1514 | D:3      | Found an iron altar of Okawaru.
  1657 | D:3      | Reached skill level 5 in Fighting
  2012 | D:3      | Reached XP level 5. HP: 47/48 MP: 4/4
  2072 | D:3      | Reached skill level 6 in Fighting
  2103 | D:3      | Reached XP level 6. HP: 37/57 MP: 5/5
  2497 | D:4      | Noticed Grinder
  2505 | D:3      | Paralysed by Grinder for 2 turns
  2516 | D:3      | Killed Grinder
  2516 | D:3      | Reached skill level 7 in Fighting
  2558 | D:4      | Noticed Robin
  2560 | D:3      | Reached skill level 5 in Short Blades
  2560 | D:3      | Reached XP level 7. HP: 60/66 MP: 6/6
  2642 | D:3      | Killed Robin
  3639 | D:4      | Found a staircase to the Ecumenical Temple.
  3849 | D:4      | Reached skill level 8 in Fighting
  4091 | D:5      | Entered Level 5 of the Dungeon
  4091 | D:5      | Found a glowing silver altar of Zin.
  4619 | D:5      | Reached XP level 8. HP: 75/75 MP: 7/7
  5140 | D:6      | Found the +3 hat of Pondering {ponderous, MR+ MP+10 Int+5}
  5523 | D:6      | Reached skill level 9 in Fighting
  5778 | D:7      | Noticed Pikel
  6051 | D:7      | Killed Pikel
  6051 | D:7      | Reached skill level 10 in Fighting
  6398 | D:7      | Reached XP level 9. HP: 77/86 MP: 8/8
  6740 | D:7      | Noticed a deep elf mage
  6755 | D:7      | Killed a deep elf mage
  6755 | D:7      | Reached skill level 11 in Fighting
  6778 | D:7      | HP: 2/88 [something (7)]
  6779 | D:7      | Slain by an unseen horror

Skill      XL: |  1  2  3  4  5  6  7  8  9 |
---------------+----------------------------+-----
Fighting       | 4 5 6 7 8 10 11 | 11.3
Armour         | 4 |  4.1
Shields        | 4 |  4.1
Short Blades   | 1 2 3 5 6 8 9 |  9.7
Long Blades    | |  2.6
Dodging        | |  0.1

Action                   |  1- 3 |  4- 6 |  7- 9 || total
-------------------------+-------+-------+-------++-------
Melee: Short sword       |    63 |   103 |   326 ||   492
       Long sword        |     4 |       |       ||     4
       Headbutt          |    10 |    17 |    63 ||    90
  Use: Potion            |       |     2 |     5 ||     7
  Eat: Chunk             |     1 |       |       ||     1
       Ration            |       |     1 |     4 ||     5
Armor: Scale mail        |    29 |    29 |   129 ||   187
Dodge: Dodged            |    14 |    25 |    86 ||   125
Block: Shield            |    24 |    44 |   148 ||   216
